 Dungeon Crawl Stone Soup version 0.21-a0-584-g185da8e (webtiles) character file.

71 Spazmo the Firebug (level 4, -6/24 HPs)
             Began as a Deep Elf Fire Elementalist on Dec 21, 2017.
             Was an Initiate of Vehumet.
             Mangled by Sigmund
             ... wielding a +0 scythe
              (10 damage)
             ... while paralysed
             ... on level 2 of the Dungeon.
             The game lasted 00:03:54 (1214 turns).

Spazmo the Firebug (Deep Elf Fire Elementalist)     Turns: 1214, Time: 00:03:55

Health: -6/24      AC:  3    Str:  5    XL:     4   Next: 5%
Magic:  2/12       EV:  2    Int: 21    God:    Vehumet [......]
Gold:   37         SH:  0    Dex: 15    Spells: 0/10 levels left

rFire    . . .     SeeInvis .   d - +0 dagger
rCold    . . .     Gourm    .   (no shield)
rNeg     . . .     Faith    .   a - +0 robe
rPois    .         Spirit   .   (no helmet)
rElec    .         Reflect  +   j - +0 cloak (curse)
rCorr    +         Harm     .   (no gloves)
MR       .....                  (no boots)
Stlth    ++........             i - +3 amulet of reflection
HPRegen  0.08/turn              l - ring of resist corrosion
MPRegen  0.13/turn              (no ring)

@: paralysed, berserk cooldown, very slightly contaminated, slowed
A: talons 1, high mp 1
a: Renounce Religion


You were on level 2 of the Dungeon.
You worshipped Vehumet.
Vehumet was noncommittal.
You were not hungry.

You visited 1 branch of the dungeon, and saw 2 of its levels.

You collected 37 gold pieces.

Inventory:

Hand Weapons
 d - a +0 dagger (weapon)
Missiles
 f - 33 stones (quivered)
Armour
 a - a +0 robe (worn)
 j - a cursed +0 cloak (worn)
Jewellery
 i - a +3 amulet of reflection (around neck)
 l - a ring of resist corrosion (left hand)
Scrolls
 e - a scroll of random uselessness {unknown}
Books
 b - a book of Flames

   Spells                             Type                      Level
   a - Flame Tongue                   Conjuration/Fire             1
   b - Throw Flame                    Conjuration/Fire             2
   c - Conjure Flame                  Conjuration/Fire             3
   d - Inner Flame                    Hexes/Fire                   3
   e - Sticky Flame                   Conjuration/Fire             4
   f - Fireball                       Conjuration/Fire             5
Comestibles
 c - 3 rations
 h - 2 chunks of flesh


   Skills:
 - Level 3.0 Dodging
 - Level 3.0 Stealth
 + Level 3.8 Spellcasting
 + Level 2.3 Conjurations
 + Level 3.9 Fire Magic


You couldn't memorise any spells.
You knew the following spells:

 Your Spells              Type           Power        Failure   Level  Hunger
a - Flame Tongue          Conj/Fire      ###..        3%          1    None
b - Throw Flame           Conj/Fire      ###...       4%          2    #......
c - Conjure Flame         Conj/Fire      ###.....     10%         3    ###....
d - Sticky Flame          Conj/Fire      ###.....     32%         4    ####...


Dungeon Overview and Level Annotations

Branches:
Dungeon (2/15)

Altars:
Vehumet

Annotations:
D:2 Sigmund


Innate Abilities, Weirdness & Mutations

You have sharp toenails.
You have an increased reservoir of magic. (+10% MP)


Message History

Something hits you.
A puff of flame appears from out of thin air!
The puff of flame hits you!
* * * LOW HITPOINT WARNING * * *
A puff of flame appears from out of thin air!
The puff of flame misses you.
You are confused.
You're too confused to move!
You bump into the rock wall.
Something hits you.
* * * LOW HITPOINT WARNING * * *
A red film seems to cover your vision as you go berserk!
You feel yourself moving faster!
You feel mighty!
You feel a strong urge to attack something.
Something completely misses you.
You feel your anger nearly subside.
You are no longer berserk.
You pass out from exhaustion.
You feel yourself slow down.
You feel less confused. Something hits you!
You die...

.###### #.....##.#.###.#.#
.)....# #.###.##.# #.#.#
......######.###....# #.#.#
## ....................#
#.#.####.
.............###....#
#.#.#.... .#.#.....###.#
#....# #.#.#.##. .#.#.....#
#.# #....#...#.#.#.##.
##.#.....# #.#
#........#.#...... #.......#
#.# #@########...#....
#####.### #.# #.# ##..#....
#.#####.###.# #.>#..).
#...........##########.#....
.........<...)....##...#....
#.######.######.......######
..........# #.####..# #
....###.#.# #.# #..# # ..
...... #.# #..# #


There were no monsters in sight!

Vanquished Creatures
  Terence (D:2)
  An adder (D:2)
  A dart slug (D:2)
  3 leopard geckos
  6 giant cockroaches (D:1)
  3 goblins (D:1)
  4 hobgoblins
  3 bats
  2 frilled lizards
  3 kobolds
  3 rats
30 creatures vanquished.

Notes
Turn   | Place    | Note
-------+----------+-------------------------------------------
     0 | D:1      | Spazmo the Deep Elf Fire Elementalist began the quest for the Orb.
     0 | D:1      | Reached XP level 1. HP: 10/10 MP: 6/6
   205 | D:1      | Reached XP level 2. HP: 15/15 MP: 2/8
   723 | D:2      | Found a radiant altar of Vehumet.
   731 | D:2      | Became a worshipper of Vehumet
   868 | D:2      | Reached XP level 3. HP: 19/19 MP: 5/9
   877 | D:2      | Learned a level 3 spell: Conjure Flame
   924 | D:2      | Noticed Terence
   967 | D:2      | Killed Terence
   978 | D:2      | Learned a level 2 spell: Throw Flame
  1064 | D:2      | Reached XP level 4. HP: 21/24 MP: 6/11
  1072 | D:2      | Learned a level 4 spell: Sticky Flame
  1180 | D:2      | Noticed Sigmund
  1182 | D:2      | Gained mutation: You occasionally shout uncontrollably at your foes. [potion of mutation]
  1182 | D:2      | Gained mutation: You have an increased reservoir of magic. (+10% MP) [potion of mutation]
  1182 | D:2      | Lost mutation: You occasionally shout uncontrollably at your foes. [potion of mutation]
  1182 | D:2      | Gained mutation: You have sharp toenails. [potion of mutation]
  1214 | D:2      | Mangled by Sigmund

Vault maps used:
D:1:      lightli_arrival_noodles, minmay_misc_feat_columns, roderic_lattice_a
D:2:      vehumet_crystals, first_ration, lemuel_blue_sif_altar, uniq_terence,
          uniq_sigmund

Skill      XL: |  1  2  3 |
---------------+----------+-----
Stealth        | 3 |  3.0
Dodging        | 3 |  3.0
Conjurations   | 2 |  2.3
Spellcasting   | |  3.8
Fire Magic     | |  3.9

Action                   |  1- 3 |  4- 6 || total
-------------------------+-------+-------++-------
Melee: Dagger            |       |     3 ||     3
       Kick              |       |     2 ||     2
 Cast: Flame Tongue      |    48 |     3 ||    51
       Sticky Flame      |       |     1 ||     1
  Use: Potion            |     2 |     2 ||     4
       Scroll            |     1 |       ||     1
  Eat: Chunk             |       |     1 ||     1
Armor: Robe              |     4 |       ||     4
Dodge: Dodged            |     8 |     9 ||    17

Table legend:
 A = Spawn XP
 B = Non-spawn XP
 C = Spawn XP percentage of total XP
 D = Spawn monster count
 E = Non-spawn monster count
 F = Spawn count percentage of total count
 G = Total turns spent on level
                    A         B        C        D         E        F      G
               +---------+---------+-------+---------+---------+-------+---------
         Total |       0 |     102 |   0.0 |       0 |      30 |   0.0 |  1214
               +---------+---------+-------+---------+---------+-------+---------
           D:1 |       0 |      32 |   0.0 |       0 |      18 |   0.0 |   696
           D:2 |       0 |      70 |   0.0 |       0 |      12 |   0.0 |   518
               +---------+---------+-------+---------+---------+-------+---------
